 Dungeon Crawl Stone Soup version 0.25.1-8-g42b30a86e7 (webtiles) character file.

Game seed: 6142758173125732312

12628 hawla the Thaumaturge (level 11, -4/80 HPs)
             Began as a Red Draconian Conjurer on Dec 5, 2020.
             Was a Priest of Vehumet.
             Slain by a white ugly thing (13 damage)
             ... on level 10 of the Dungeon on Dec 6, 2020.
             The game lasted 00:43:23 (15417 turns).

hawla the Thaumaturge (Red Draconian Conjurer)     Turns: 15417, Time: 00:43:24

Health: -4/80      AC: 10    Str: 10    XL:     11   Next: 64%
Magic:  7/26       EV: 15    Int: 18    God:    Vehumet [***...]
Gold:   178        SH:  5    Dex: 19    Spells: 23/32 levels left

rFire    + . .     SeeInvis .   x - +0 quarterstaff (drain)
rCold    . . .     Gourm    .   (shield currently unavailable)
rNeg     . . .     Faith    .   (armour unavailable)
rPois    +         Spirit   .   (helmet restricted)
rElec    .         Reflect  +   (no cloak)
rCorr    +         Harm     .   B - +2 pair of gloves
MR       .....     Clarity  +   (no boots)
Stlth    +++.......             y - amulet of reflection
HPRegen  0.23/turn              j - ring of resist corrosion
MPRegen  0.20/turn              u - +6 ring of dexterity

@: slowed, very slow
A: breathe fire, unfitting armour, blink, clarity, fire resistance 1, poison
resistance, screaming 1, cold-blooded, AC +7
a: Breathe Fire, Blink, Renounce Religion


You were on level 10 of the Dungeon.
You worshipped Vehumet.
Vehumet was most pleased with you.
You were not hungry.

You visited 2 branches of the dungeon, and saw 12 of its levels.

You collected 508 gold pieces.
You spent 330 gold pieces at shops.

Inventory:

Hand Weapons
 x - a +0 quarterstaff of draining (weapon)
Missiles
 o - 10 boomerangs (quivered)
 v - 56 poisoned darts
Armour
 B - a +2 pair of gloves (worn)
Magical Staves
 d - an uncursed staff of energy
Jewellery
 i - a +4 ring of evasion
 j - a ring of resist corrosion (left hand)
 u - a +6 ring of dexterity (right hand)
 y - an amulet of reflection (around neck)
Wands
 l - a wand of iceblast (6)
 n - a wand of acid (6)
 s - a wand of random effects (38)
 t - a wand of polymorph (10)
 E - a wand of paralysis (5)
Scrolls
 c - 2 scrolls of fear
 e - a scroll of brand weapon
 h - 3 scrolls of remove curse
 k - 3 scrolls of magic mapping
 m - 3 scrolls of teleportation
 p - a scroll of amnesia
 q - 2 scrolls of enchant weapon
 r - 5 scrolls of fog
Potions
 a - a potion of haste
 f - 3 potions of curing
 g - 2 potions of might
 w - a potion of ambrosia
 z - a potion of lignification
 A - a potion of berserk rage
 C - 3 potions of stabbing
Comestibles
 b - 25 rations
 D - 7 chunks of flesh


   Skills:
 + Level 2.5 Fighting
 + Level 0.8 Staves
 + Level 4.4 Dodging
 + Level 3.6 Stealth
 + Level 11.2 Spellcasting
 + Level 10.5 Conjurations
 + Level 8.6 Translocations


You had 23 spell levels left.
You knew the following spells:

 Your Spells              Type           Power        Failure   Level  Hunger
a - Magic Dart            Conj           ####         1%          1    None
b - Searing Ray           Conj           #####.       1%          2    None
c - Iskenderun's Mystic   Conj/Tloc      #####...     1%          4    ##.....
d - Blink                 Tloc           N/A          1%          2    None

Your spell library contained the following spells:

 Spells                   Type           Power        Failure   Level  Hunger
 Ignite Poison            Fire/Tmut/Pois ##......     6%          3    None
 Shock                    Conj/Air       ####         1%          1    None
 Conjure Flame            Conj/Fire      ####....     1%          3    None
 Dazzling Flash           Conj/Hex       ####..       1%          3    None
 Mephitic Cloud           Conj/Pois/Air  ###.....     1%          3    None
 Static Discharge         Conj/Air       ####....     1%          3    None
 Fulminant Prism          Conj/Hex       ####......   2%          4    ##.....
 Lightning Bolt           Conj/Air       ####......   6%          5    ####...
 Summon Small Mammal      Summ           ##..         7%          1    None
 Call Imp                 Summ           ##......     11%         2    None
 Slow                     Hex            ##......     11%         2    None
 Swiftness                Chrm/Air       ##......     11%         2    None
 Airstrike                Air            ##........   17%         4    ##.....
 Call Canine Familiar     Summ           ##......     22%         3    None
 Summon Guardian Golem    Hex/Summ       ##......     22%         3    None
 Summon Ice Beast         Ice/Summ       ##......     56%         4    ##.....
 Summon Lightning Spire   Summ/Air       ##......     56%         4    ##.....


Dungeon Overview and Level Annotations

Branches:
Dungeon (11/15)            Temple (1/1) D:4            Lair (0/6) D:9
    Orc (0/2) D:10

Altars:
Ashenzari
Cheibriados
Dithmenos
Elyvilon
Fedhas
Gozag
Hepliaklqana
Kikubaaqudgha
Makhleb
Nemelex Xobeh
Okawaru
Qazlal
Ru
Sif Muna
Trog
Uskayaw
Vehumet
Wu Jian
Xom
Yredelemnul
Zin
The Shining One

Shops:
D:6 *   D:8 *   D:10 *

Annotations:
D:10 2 transporters, Faedony's ghost, journeyman OpTm


Innate Abilities, Weirdness & Mutations

You can breathe blasts of fire.
Your fiery red scales are hard. (AC +7)
You cannot fit into any form of body armour.
Your flesh is heat resistant. (rF+)
You are cold-blooded and may be slowed by cold attacks.
You can translocate small distances at will.
You possess an exceptional clarity of mind.
Your system is resistant to poisons. (rPois)
You occasionally shout uncontrollably at your foes.


Message History

The white ugly thing is moderately wounded. (Press . to maintain the ray.)
The white ugly thing punches you. The white ugly thing freezes you!
You feel yourself slow down.
Casting: Searing Ray (safe; 1% risk of failure)
Confirm with . or Enter, or press ? or * to list all spells.
You blink.
You feel yourself speed up.
Things that are here:
a +0 robe; a +0 war axe The white ugly thing punches you but does no damage.
The white ugly thing punches you. The white ugly thing freezes you!
The white ugly thing punches you. The white ugly thing freezes you!!
You feel yourself slow down.
* * * LOW HITPOINT WARNING * * *
You feel yourself speed up. The white ugly thing punches you!
* * * LOW HITPOINT WARNING * * *
The white ugly thing freezes you!
You feel yourself slow down.
You die...

..[#####'##+#.# #........
##[#........#.# #........
#[#........#.# #.....[..
#[#........#.# ########...<....
#.##########.####...............
#.....................(.........
##......................#'#####..
...#######......u.......#.....#..
...#.....#......@.......#.....#..
...#.....#..............#.....#..
...#.....#####..........#.....#..
...#.........#..........#.....#..
...#........)######.....####)#)..
...#..............#.....####)....
...#..............#.....#.....8.)
...'............###.....#........
...#............#................


You could see a white ugly thing.

Vanquished Creatures
  A hydra (D:11)
  3 two-headed ogres
  2 unseen horrors
  Maurice (D:9)
  Joseph (D:8)
  A komodo dragon (D:9)
  2 trolls
  Grinder (D:5)
  A hornet (D:10)
  Prince Ribbit (D:8)
  5 hippogriffs
  5 yaks
  A human (D:7)
  4 hogs (D:7)
  Duvessa (D:5)
  7 orc warriors
  3 ice beasts
  2 sky beasts (D:9)
  2 phantoms
  4 ogres
  A hornet zombie (D:8)
  2 necrophages
  2 centaurs
  5 big kobolds
  3 bullfrogs
  A water moccasin zombie (D:6)
  2 scorpions
  Dowan (D:5)
  2 water moccasin skeletons (D:9)
  5 killer bees (D:10)
  8 wights (D:10)
  An electric eel (D:8)
  A howler monkey (D:11)
  4 crimson imps
  5 orc priests
  2 centaur skeletons
  A hound (D:8)
  2 bullfrog skeletons
  3 jellies
  6 orc wizards
  4 iguanas
  4 worker ants
  A hound skeleton (D:10)
  2 howler monkey zombies
  14 adders
  A river rat (D:5)
  4 shadow imps
  3 worms
  2 dart slugs
  5 leopard geckos
  37 orcs
  8 bats
  5 bat zombies (D:2)
  11 giant cockroaches
  4 goblins
  10 hobgoblins
  11 jackals
  2 quokkas
  A ball python zombie (D:5)
  A jackal zombie (D:9)
  22 kobolds
  A leopard gecko skeleton (D:4)
  2 quokka skeletons
  A quokka zombie (D:5)
  4 rats
  A rat zombie (D:2)
266 creatures vanquished.

Vanquished Creatures (others)
  An ice beast (D:6)
  A worker ant (D:6)
  4 plants (D:9)
6 creatures vanquished.

Grand Total: 272 creatures vanquished

Notes
Turn   | Place    | Note
-------+----------+-------------------------------------------
     0 | D:1      | hawla the Draconian Conjurer began the quest for the Orb.
     0 | D:1      | Reached XP level 1. HP: 14/14 MP: 3/3
   538 | D:1      | Reached XP level 2. HP: 20/20 MP: 2/5
   940 | D:2      | Reached skill level 3 in Spellcasting
   944 | D:2      | Learned a level 2 spell: Searing Ray
  1200 | D:2      | Reached XP level 3. HP: 26/26 MP: 5/7
  1561 | D:2      | Found an ancient bone altar of Kikubaaqudgha.
  1792 | D:2      | Reached skill level 4 in Spellcasting
  1908 | D:2      | Reached XP level 4. HP: 33/33 MP: 5/10
  3381 | D:3      | Found a shattered altar of Ashenzari.
  3460 | D:3      | Reached skill level 5 in Spellcasting
  3460 | D:3      | Reached XP level 5. HP: 31/38 MP: 0/12
  3708 | D:4      | Found a staircase to the Ecumenical Temple.
  3708 | D:4      | Noticed a phantom
  3716 | D:4      | Learned a level 4 spell: Iskenderun's Mystic Blast
  3722 | D:4      | Killed a phantom
  3745 | Temple   | Entered the Ecumenical Temple
  4205 | D:4      | Reached XP level 6. HP: 45/45 MP: 9/14
  4618 | D:5      | Entered Level 5 of the Dungeon
  4638 | D:5      | Noticed an ice beast
  4644 | D:5      | Killed an ice beast
  4644 | D:5      | Reached skill level 6 in Spellcasting
  4644 | D:5      | Reached skill level 1 in Translocations
  4658 | D:5      | Noticed Duvessa
  4659 | D:5      | Noticed Dowan
  5146 | D:5      | Killed Dowan
  5154 | D:5      | Killed Duvessa
  5154 | D:5      | Your scales start taking on a fiery red colour.
  5154 | D:5      | Reached XP level 7. HP: 22/50 MP: 3/16
  5154 | D:5      | Gained mutation: Your flesh is heat resistant. (rF+) [Red
                  | Draconian growth]
  5156 | D:5      | Gained mutation: Your mind is acute. (Int +2) [potion of
                  | mutation]
  5156 | D:5      | Gained mutation: Your spells are a little easier to cast,
                  | but a little less powerful. [potion of mutation]
  5156 | D:5      | Gained mutation: Your system is resistant to poisons.
                  | (rPois) [potion of mutation]
  5156 | D:5      | Gained mutation: You have sharp toenails. [potion of
                  | mutation]
  5420 | D:5      | Learned a level 2 spell: Blink
  5489 | D:5      | Lost mutation: Your spells are a little easier to cast, but
                  | a little less powerful. [potion of mutation]
  5489 | D:5      | Lost mutation: You have sharp toenails. [potion of
                  | mutation]
  5489 | D:5      | Lost mutation: Your mind is acute. (Int +2) [potion of
                  | mutation]
  5489 | D:5      | Gained mutation: You possess an exceptional clarity of
                  | mind. [potion of mutation]
  5489 | D:5      | Gained mutation: You occasionally shout uncontrollably at
                  | your foes. [potion of mutation]
  5489 | D:5      | Gained mutation: You can translocate small distances at
                  | will. [potion of mutation]
  5746 | D:5      | Noticed Grinder
  5753 | D:5      | Killed Grinder
  5836 | D:5      | Found a hazy altar of Hepliaklqana.
  6561 | D:5      | Found a blossoming altar of Fedhas.
  6565 | D:5      | Reached skill level 7 in Spellcasting
  6565 | D:5      | Reached XP level 8. HP: 34/57 MP: 4/18
  6749 | D:5      | Reached skill level 5 in Conjurations
  7014 | D:5      | Reached skill level 5 in Translocations
  7462 | D:6      | Found a shadowy altar of Dithmenos.
  7537 | D:6      | Found a radiant altar of Vehumet.
  7550 | D:6      | Became a worshipper of Vehumet
  7957 | D:6      | Found Ahuuzuhu's Assorted Antiques.
  8635 | D:7      | Found a burning altar of Makhleb.
  8641 | D:7      | Found a glowing silver altar of Zin.
  8642 | D:7      | Found an iron altar of Okawaru.
  8845 | D:7      | Reached skill level 8 in Spellcasting
  8845 | D:7      | Reached XP level 9. HP: 62/62 MP: 14/21
  9241 | D:7      | Reached * piety under Vehumet
  9241 | D:7      | Offered knowledge of Sandblast by Vehumet.
  9707 | D:7      | HP: 3/62 [big kobold/+0 club (9)]
 10354 | D:8      | Killed an unseen horror
 10354 | D:8      | Reached skill level 9 in Spellcasting
 10452 | D:8      | Noticed Joseph
 10471 | D:8      | Killed Joseph
 10471 | D:8      | Reached skill level 1 in Fighting
 10471 | D:8      | Reached XP level 10. HP: 28/71 MP: 17/23
 10864 | D:8      | Found Ofots's Assorted Antiques.
 10870 | D:8      | Noticed Prince Ribbit
 10883 | D:8      | Killed Prince Ribbit
 11001 | D:8      | Noticed a two-headed ogre
 11026 | D:8      | Killed a two-headed ogre
 11801 | D:9      | Noticed a two-headed ogre
 11808 | D:9      | Killed a two-headed ogre
 11910 | D:9      | Noticed Maurice
 11922 | D:9      | Killed Maurice
 11922 | D:9      | Reached skill level 10 in Spellcasting
 12231 | D:9      | Found a staircase to the Lair.
 12773 | D:9      | Reached XP level 11. HP: 79/79 MP: 19/25
 12893 | D:9      | Found a snail-covered altar of Cheibriados.
 13090 | D:10     | Entered Level 10 of the Dungeon
 13107 | D:10     | Killed an unseen horror
 13107 | D:10     | Offered knowledge of Foxfire by Vehumet.
 13168 | D:10     | Reached ** piety under Vehumet
 13669 | D:9      | Reached skill level 10 in Conjurations
 13941 | D:10     | Found Noshremu's General Store.
 13980 | D:10     | Bought an uncursed amulet of reflection for 330 gold pieces
 14059 | D:10     | Noticed a two-headed ogre
 14067 | D:10     | Killed a two-headed ogre
 14274 | D:10     | Offered knowledge of Ignite Poison by Vehumet.
 14324 | D:10     | Found a staircase to the Orcish Mines.
 14331 | D:10     | Reached *** piety under Vehumet
 14431 | D:10     | Found a transporter.
 14431 | D:10     | Noticed Faedony's ghost (journeyman OpTm)
 14520 | D:10     | Found a transporter.
 14827 | D:10     | Reached skill level 11 in Spellcasting
 15371 | D:11     | Noticed a five-headed hydra
 15379 | D:11     | Killed a five-headed hydra
 15385 | D:11     | Noticed a white ugly thing
 15386 | D:11     | Noticed a red ugly thing
 15417 | D:10     | Slain by a white ugly thing

Illustrated notes

Levels and vault maps discovered:
D:1:      minmay_arrival_three_doors, layout_loops_ring,
          corexii_item_surrounded_by_moat
D:2:      layout_basic, lemuel_zombie_altar_kikubaaqudgha
D:3:      layout_loops_cross, first_ration, cheibrodos_ashenzari_chains
D:4:      layout_cave_pools, minmay_temple_entry_offerings, serial_park,
          serial_park_tiny_2
D:5:      layout_loops_ring, kennysheep_mini_moat, fedhas_altar_3,
          gup_sewer_entry_bubbles, grunt_ministairs_7, uniq_duvessa,
          uniq_grinder
D:6:      layout_rooms, overflow_temple_1_default, fiery_altar_vehumet,
          serial_shops, nicolae_shop_statue_plus
D:7:      layout_rooms, gammafunk_temple_overflow_statue, grunt_livestock,
          columned_hall_lemuel, bloody_makhleb
D:8:      layout_basic, serial_shops, shop, minmay_checkerbox,
          uniq_prince_ribbit1, uniq_joseph
D:9:      layout_long_grid, lemuel_coloured_pillars_altar, david_lair_shrubbed,
          uniq_maurice
D:10:     layout_irregular_city, david_orc_2, gammafunk_ghost_stat_death,
          serial_shops, shop
D:11:     layout_loops_ring
Temple:   eino_temple_water

Skill      XL: |  1  2  3  4  5  6  7  8  9 10 11 |
---------------+----------------------------------+-----
Spellcasting   | 3 4 5 6 7 8 9 10 11 | 11.2
Translocations | 3 4 6 7 8 |  8.6
Conjurations   | 6 8 9 10 | 10.5
Dodging        | 2 3 4 |  4.4
Fighting       | 1 2 |  2.5
Stealth        | 3 |  3.6
Staves         | |  0.8

Action                   |  1- 3 |  4- 6 |  7- 9 | 10-12 || total
-------------------------+-------+-------+-------+-------++-------
Melee: Unarmed           |     3 |       |       |       ||     3
       Tailslap          |     1 |       |     2 |       ||     3
       Quarterstaff      |       |     9 |    10 |       ||    19
 Cast: Magic Dart        |    45 |    56 |    72 |   109 ||   282
       Searing Ray       |    12 |    35 |    74 |    81 ||   202
       Iskenderun's Myst |       |     5 |    12 |    37 ||    54
       Blink             |       |       |     1 |     2 ||     3
 Abil: Blink             |       |       |       |     1 ||     1
Evoke: Wand              |       |       |       |     2 ||     2
  Use: Scroll            |     5 |     2 |     8 |     4 ||    19
       Potion            |       |     6 |     5 |       ||    11
  Eat: Chunk             |     4 |     9 |    14 |    13 ||    40
       Ration            |       |     1 |     1 |     1 ||     3
Armor: Skin              |     3 |    50 |    35 |    31 ||   119
Dodge: Dodged            |    16 |    23 |    67 |    72 ||   178
Block: Other             |       |       |       |    10 ||    10
       Reflection        |       |       |       |     2 ||     2
